 Dungeon Crawl Stone Soup version 0.24.0-37-gcf1ca852f1 (webtiles) character file.

Game seed: 8949157889330413504, levelgen mode: deterministic

445 Froggeryz the Insei (level 7, -2/43 HPs)
             Began as an Octopode Transmuter on Nov 28, 2019.
             Was a Believer of Makhleb.
             Slain by a river rat (8 damage)
             ... in a sewer.
             The game lasted 00:05:13 (3911 turns).

Froggeryz the Insei (Octopode Transmuter)           Turns: 3911, Time: 00:05:14

Health: -2/43      AC:  1    Str:  9    XL:     7   Next: 3%
Magic:  10/10      EV: 13    Int: 17    God:    Makhleb [**....]
Gold:   105        SH:  0    Dex: 13    Spells: 6/10 levels left

rFire    . . .     SeeInvis .     - Unarmed
rCold    . . .     Gourm    .   (no shield)
rNeg     . . .     Faith    .   (helmet restricted)
rPois    .         Spirit   .   (no amulet)
rElec    .         Reflect  .   (no ring)
rCorr    .         Harm     .   (no ring)
MR       .....                  (no ring)
Stlth    +++.......             (no ring)
HPRegen  0.14/turn              (no ring)
MPRegen  0.12/turn              (no ring)
                                (no ring)
                                (no ring)

@: no status effects
A: almost no armour, stealthy swim, amphibious, 8 rings, constrict 8, camouflage
1, gelatinous body 1
a: Minor Destruction, Renounce Religion


You were in a sewer.
You worshipped Makhleb.
Makhleb was pleased with you.
You were not hungry.

You visited 1 branch of the dungeon, and saw 4 of its levels.
You also visited: Sewer.

You collected 105 gold pieces.

Inventory:

Missiles
 a - 50 arrows
 e - 10 poisoned darts (quivered)
 n - 2 atropa-tipped darts
Wands
 t - a wand of digging (6)
Scrolls
 b - a scroll of fog {unknown}
 d - 3 scrolls of identify {unknown}
 f - a scroll of fear {unknown}
 i - 2 scrolls of teleportation {unknown}
 m - 3 scrolls of remove curse {unknown}
 o - a scroll of magic mapping {unknown}
 q - a scroll of immolation {unknown}
Potions
 h - a potion of degeneration {unknown}
 j - a potion of might {unknown}
 k - 2 potions of flight {unknown}
 l - 2 potions of lignification {unknown}
 p - a potion of berserk rage {unknown}
 r - a potion of haste {unknown}
Comestibles
 c - 6 rations


   Skills:
 - Level 1.0 Fighting
 - Level 2.0 Dodging
 * Level 6.5 Unarmed Combat
 - Level 2.0 Spellcasting
 + Level 4.4 Transmutations


You had 6 spell levels left.
You knew the following spells:

 Your Spells              Type           Power        Failure   Level  Hunger
a - Beastly Appendage     Tmut           ###...       3%          1    #......
b - Spider Form           Tmut/Pois      #.........   24%         3    ###....

Your spell library contained the following spells:

 Spells                   Type           Power        Failure   Level  Hunger
 Sticks to Snakes         Tmut           ###.....     4%          2    ###....
 Ice Form                 Ice/Tmut       #.......     61%         4    #####..
 Blade Hands              Tmut           ###.......   65%         5    ######.


Dungeon Overview and Level Annotations

Branches:
Dungeon (4/15)              Sewer (1/1)
 Temple: D:4-7

Altars:
Makhleb
Ru


Innate Abilities, Weirdness & Mutations

You cannot wear most types of armour.
You are very stealthy in the water. (Stealth+)
You are amphibious.
You can wear up to eight rings at the same time.
You can use your tentacles to constrict eight enemies at once.
Your skin changes colour to match your surroundings (Stealth+).
Your rubbery body absorbs attacks. (AC +1, EV +1)


Message History

Your squeeze misses the ball python. The ball python barely misses you.
The ball python misses you. The river rat closely misses you.
You tentacle-slap the river rat. You grab the river rat.
The river rat is moderately wounded.
You constrict the river rat, but do no damage.
The ball python bites you. The ball python misses you.
The river rat closely misses you.
You bludgeon the ball python!
You kill the ball python!
Makhleb accepts your kill.
You feel better.
You constrict the river rat, but do no damage.
You feel sick.
You are no longer poisoned.
The river rat bites you!
* * * LOW HITPOINT WARNING * * *
You tentacle-slap the river rat.
The river rat is severely wounded.
You constrict the river rat. The river rat bites you!
You die...

# #...##..#####......## .##
##.......##...........
...##......................
............................
.......................≈.≈≈≈
.≈....≈..........≈≈≈..≈≈≈≈≈≈
≈≈≈≈≈≈≈≈†≈......≈≈≈≈≈≈≈≈≈≈≈≈
≈≈≈≈≈≈†≈†≈≈..≈≈≈r≈≈≈≈≈≈≈≈≈≈≈
≈≈≈≈≈≈†≈≈≈≈≈≈≈≈≈@†≈≈≈≈≈≈≈≈≈≈
≈≈≈≈≈≈≈≈≈≈≈≈≈≈≈≈≈≈≈≈≈≈≈≈≈≈≈≈
≈≈≈≈≈≈≈≈≈.≈≈....≈.≈≈≈≈≈≈≈≈≈≈
##≈.≈†≈†...........≈≈.≈≈≈≈≈≈
#.....†.........##....≈≈##≈≈
.....##........####......#
.....###.......##..........
....###.....................
##††......####.....###......


You could see a river rat.

Vanquished Creatures
  A howler monkey (D:4)
  A hound (D:4)
  An iguana (D:4)
  An orc wizard (D:4)
  Terence (D:3)
  Natasha (twice) (D:3)
  3 gnolls
  7 adders
  7 river rats (Sewer)
  2 oozes (D:1)
  4 leopard geckos
  An orc (D:3)
  9 ball pythons
  7 giant cockroaches
  10 goblins
  5 hobgoblins
  A quokka (D:2)
  3 bats
  2 frilled lizards
  10 kobolds
  17 rats
95 creatures vanquished.

Notes
Turn   | Place    | Note
-------+----------+-------------------------------------------
     0 | D:1      | Froggeryz the Octopode Transmuter began the quest for the
                  | Orb.
     0 | D:1      | Reached XP level 1. HP: 13/13 MP: 3/3
   212 | D:1      | Reached XP level 2. HP: 18/18 MP: 5/5
   712 | D:1      | Reached XP level 3. HP: 23/23 MP: 6/6
  1006 | D:2      | Reached skill level 4 in Unarmed Combat
  1457 | D:2      | Reached XP level 4. HP: 28/28 MP: 7/7
  2528 | D:3      | Noticed Natasha
  2536 | D:3      | Killed Natasha
  2536 | D:3      | Reached XP level 5. HP: 22/33 MP: 8/8
  2659 | D:3      | Reached skill level 5 in Unarmed Combat
  2868 | D:3      | Learned a level 3 spell: Spider Form
  2912 | D:3      | Noticed Natasha
  2917 | D:3      | Killed Natasha
  3095 | D:3      | Found a faded altar of an unknown god.
  3101 | D:3      | Became a worshipper of Makhleb the Destroyer
  3101 | D:3      | Reached * piety under Makhleb
  3122 | D:3      | Noticed Terence
  3131 | D:3      | Killed Terence
  3366 | D:4      | Reached XP level 6. HP: 29/38 MP: 9/9
  3408 | D:4      | Found a sacrificial altar of Ru.
  3514 | D:4      | Reached skill level 6 in Unarmed Combat
  3543 | D:4      | Found a glowing drain.
  3562 | Sewer    | Entered a sewer
  3753 | Sewer    | Reached ** piety under Makhleb
  3884 | Sewer    | Reached XP level 7. HP: 22/43 MP: 10/10
  3911 | Sewer    | Slain by a river rat

Levels and vault maps discovered:
D:1:      elethiomel_arrival_shortcut, layout_loops_ring, minmay_cupped
D:2:      layout_basic, corexii_corridor_pit
D:3:      layout_basic, first_ration, chequers_ecumenical_altar_grove,
          minmay_misc_feat_pillars, uniq_terence, uniq_natasha
D:4:      layout_loops_ring, serial_shops, shop, gup_sewer_entry_pipe,
          nicolae_ru_great_annihilating_truth
Sewer:    sewer_minmay_treatment

Skill      XL: |  1  2  3  4  5  6 |
---------------+-------------------+-----
Unarmed Combat | 4 5 6 |  6.5
Transmutations | 3 4 |  4.4
Fighting       | |  1.0
Dodging        | |  2.0
Spellcasting   | |  2.0

Action                   |  1- 3 |  4- 6 |  7- 9 || total
-------------------------+-------+-------+-------++-------
Melee: Unarmed           |    71 |   157 |    11 ||   239
       Constrict         |    16 |    42 |     4 ||    62
       Tentacles         |    11 |    25 |     2 ||    38
       Punch             |     3 |     5 |       ||     8
Throw: Dart              |       |    14 |       ||    14
  Use: Potion            |     1 |     1 |       ||     2
 Stab: Sleeping          |     6 |     7 |       ||    13
       Paralysed         |       |     1 |       ||     1
  Eat: Chunk             |     2 |     7 |       ||     9
Armor: Skin              |     1 |    13 |       ||    14
Dodge: Dodged            |    33 |   118 |    10 ||   161
